 Dungeon Crawl Stone Soup version 0.24.0-13-gcf9b319 (webtiles) character file.

Game seed: 10128115640051312939, levelgen mode: deterministic

245 sanboga the Chopper (level 6, -2/39 HPs)
             Began as a Gargoyle Berserker on Nov 19, 2019.
             Was a Believer of Trog.
             Slain by Grinder (3 damage)
             ... on level 3 of the Dungeon.
             The game lasted 00:03:53 (1854 turns).

sanboga the Chopper (Gargoyle Berserker)            Turns: 1854, Time: 00:03:54

Health: -2/39      AC:  6    Str: 28    XL:     6   Next: 10%
Magic:  6/6        EV:  9    Int:  7    God:    Trog [**....]
Gold:   166        SH:  8    Dex:  9    Spells: 5/5 levels left

rFire    + . .     SeeInvis .   a - +0 hand axe
rCold    + . .     Gourm    .   f - +0 shield
rNeg     + . .     Faith    .   b - +0 animal skin
rPois    ∞         Spirit   .   (no helmet)
rElec    +         Reflect  .   (no cloak)
rCorr    +         Harm     .   (no gloves)
MR       .....                  (no boots)
Stlth    +.........             (no amulet)
HPRegen  0.13/turn              p - ring of resist corrosion
MPRegen  0.10/turn              (no ring)

@: mighty, resistant
A: negative energy resistance 1, electricity resistance, unbreathing,
petrification resistance, rot immunity, AC +4
a: Berserk, Trog's Hand, Renounce Religion


You were on level 3 of the Dungeon.
You worshipped Trog.
Trog was pleased with you.
You were not hungry.

You visited 1 branch of the dungeon, and saw 3 of its levels.

You collected 166 gold pieces.

Inventory:

Hand Weapons
 a - a +0 hand axe (weapon)
Armour
 b - a +0 animal skin (worn)
 f - a +0 shield (worn)
Jewellery
 p - a ring of resist corrosion (left hand)
Scrolls
 d - a scroll of noise {unknown}
 e - a scroll of blinking {unknown}
 i - 2 scrolls of fog
 j - a scroll of enchant weapon {unknown}
 k - 2 scrolls of identify
 m - a scroll of enchant armour {unknown}
 o - a scroll of magic mapping {unknown}
 q - a scroll of remove curse
 r - 2 scrolls of teleportation {unknown}
Comestibles
 c - 9 rations
 g - 9 chunks of flesh


   Skills:
 + Level 4.5 Fighting
 * Level 4.6 Axes
 + Level 3.8 Armour
 - Level 1.5 Dodging


You had 5 spell levels left.
You didn't know any spells.
Your spell library was empty.

Dungeon Overview and Level Annotations

Branches:
Dungeon (3/15)

Altars:
Elyvilon
Xom
The Shining One

Annotations:
D:3 Grinder


Innate Abilities, Weirdness & Mutations

You are resistant to torment.
Your stone body is resilient. (AC +4)
You are immune to poison.
You resist negative energy. (rN+)
You are resistant to electric shocks. (rElec)
You can survive without breathing.
You are immune to petrification.
You are immune to rotting.


Message History

You are too injured to fight recklessly!
You closely miss Grinder.
Grinder is moderately wounded.
Grinder hits you.
* * * LOW HITPOINT WARNING * * *
You writhe in agony.
* * * LOW HITPOINT WARNING * * *
Grinder barely misses you.
It was a potion of resistance.
You feel protected.
Grinder says, "FISH!"
You block Grinder's attack.
It was a potion of might.
You feel very mighty all of a sudden. Grinder hits you!
* * * LOW HITPOINT WARNING * * *
You slice Grinder!!
Grinder is severely wounded.
Grinder hits you.
You die...

## ######### ### #.
........## ##.###.
.######.....#######...##.
##
........@5..†............
#..
....$.......#####........
#.# .#######...##
##.....#. #.# ##.##
##...##. #.# #§§# #.#
##.###. #.# #.§# #.# #.#
#. #.####§.########.###
#.# #.
##.§§§§§.......##...
..###.
##.§#§§§...###.##.#
####..


You could see Grinder.

Vanquished Creatures
  Sigmund (D:3)
  4 adders
  2 worms
  A dart slug (D:1)
  3 leopard geckos
  An orc (D:3)
  5 giant cockroaches
  3 goblins (D:1)
  7 hobgoblins
  2 jackals (D:1)
  A quokka (D:3)
  A bat (D:1)
  5 frilled lizards
  2 kobolds (D:2)
  4 rats
42 creatures vanquished.

Notes
Turn   | Place    | Note
-------+----------+-------------------------------------------
     0 | D:1      | sanboga the Gargoyle Berserker began the quest for the Orb.
     0 | D:1      | Reached XP level 1. HP: 14/14 MP: 1/1
    86 | D:1      | Reached XP level 2. HP: 19/19 MP: 2/2
   631 | D:1      | Reached XP level 3. HP: 23/23 MP: 3/3
   770 | D:2      | Found a faded altar of an unknown god.
  1018 | D:2      | Found a shimmering altar of Xom.
  1020 | D:2      | Found a shimmering altar of Xom.
  1020 | D:2      | Found a basalt altar of Yredelemnul.
  1031 | D:2      | Found a shimmering altar of Xom.
  1031 | D:2      | Found a shimmering altar of Xom.
  1031 | D:2      | Found a glowing golden altar of the Shining One.
  1159 | D:2      | Found a white marble altar of Elyvilon.
  1367 | D:3      | Reached ** piety under Trog
  1367 | D:3      | Reached XP level 4. HP: 29/29 MP: 4/4
  1582 | D:3      | Noticed Sigmund
  1591 | D:3      | Killed Sigmund
  1591 | D:3      | Reached XP level 5. HP: 34/34 MP: 5/5
  1728 | D:3      | Reached XP level 6. HP: 26/39 MP: 6/6
  1822 | D:3      | Noticed Grinder
  1853 | D:3      | HP: 1/39 [Grinder (8)]
  1854 | D:3      | Slain by Grinder

Levels and vault maps discovered:
D:1:      minmay_arrival_loop, layout_basic, serial_park_tiny_2
D:2:      layout_rooms, doesnt_xom_only_xom, nicolae_overflow_hidden_temple,
          chequers_ecumenical_altar_grove
D:3:      layout_loops_ring, first_ration, kennysheep_cross_bottleneck,
          minmay_misc_feat_rugged, minmay_misc_feat_room,
          minmay_stone_trees_small, uniq_grinder, uniq_sigmund

Skill      XL: |  1  2  3  4 |
---------------+-------------+-----
Axes           | 3 4 |  4.6
Armour         | 3 |  3.8
Fighting       | 4 |  4.5
Dodging        | |  1.5

Action                   |  1- 3 |  4- 6 || total
-------------------------+-------+-------++-------
Melee: Hand axe          |   117 |    91 ||   208
Invok: Berserk           |       |     1 ||     1
  Use: Scroll            |     1 |     3 ||     4
       Potion            |     1 |     2 ||     3
  Eat: Chunk             |     2 |     2 ||     4
Armor: Animal skin       |    39 |    29 ||    68
Dodge: Dodged            |    75 |    32 ||   107
Block: Buckler           |    10 |       ||    10
       Shield            |     1 |    25 ||    26
